 Dungeon Crawl Stone Soup version 0.19.5 (webtiles) character file.

133 Goboxel the Skirmisher (level 4, -1/37 HPs)
             Began as a Demonspawn Abyssal Knight on Apr 3, 2017.
             Was a Believer of Lugonu.
             Slain by Grinder (9 damage)
             ... on level 3 of the Dungeon.
             The game lasted 00:05:31 (2544 turns).

Goboxel the Skirmisher (Demonspawn Abyssal Knight)  Turns: 2544, Time: 00:05:32

Health: -1/37      AC:  3    Str: 12    XL:     4   Next: 93%
Magic:  6/6        EV: 12    Int: 13    God:    Lugonu [**....]
Gold:   130        SH:  0    Dex: 14    Spells: 0 memorised, 3 levels left

rFire  . . .     SeeInvis .     a - +1 hand axe
rCold  + . .     Gourm    .     b - +0 leather armour
rNeg   . . .     Faith    .     (no shield)
rPois  .         Spirit   .     (no helmet)
rElec  .         Reflect  .     (no cloak)
rCorr  .         Harm     .     (no gloves)
MR     .....                    (no boots)
Stlth  +.........               (no amulet)
                                (no ring)
                                (no ring)

@: no status effects
A: cold resistance 1, powered by death 1
a: Depart the Abyss, Bend Space, Renounce Religion


You were on level 3 of the Dungeon.
You worshipped Lugonu.
Lugonu was pleased with you.
You were hungry.

You visited 1 branch of the dungeon, and saw 3 of its levels.
You visited the Abyss 1 time.

You collected 130 gold pieces.

Inventory:

Hand Weapons
 a - a +1 hand axe (weapon)
Armour
 b - a +0 leather armour (worn)
Scrolls
 o - a scroll of fear
Potions
 d - 2 potions of lignification
 e - a potion of experience {unknown}
 h - a potion of curing
 k - 2 potions of brilliance {unknown}
 l - a potion of mutation {unknown}
 p - a potion of might {unknown}
Comestibles
 c - 3 bread rations
 f - 2 fruits
 i - 2 beef jerkies
 j - a chunk of flesh


   Skills:
 + Level 4.1 Fighting
 + Level 3.3 Axes
 - Level 1.7 Armour
 + Level 1.6 Dodging
 + Level 2.7 Invocations


You had 3 spell levels left.
You didn't know any spells.

Dungeon Overview and Level Annotations

Branches:
Dungeon (3/15)

Altars:
Yredelemnul

Annotations:
D:3 Grinder


Innate Abilities, Weirdness & Mutations

Your flesh is cold resistant. (rC+)
You regenerate a little health from kills.


Message History

You barely miss Grinder.
Grinder is heavily wounded.
You feel less invigorated.
You feel less confused. Grinder gestures at you.
You resist with significant effort.
Some of the chunks of flesh in your inventory have rotted away.
You hit Grinder.
Grinder is heavily wounded.
Grinder blinks!
Grinder hits you!
You writhe in agony.
You hit Grinder but do no damage.
Grinder is heavily wounded.
Grinder hits you.
You writhe in agony.
* * * LOW HITPOINT WARNING * * *
You hit Grinder.
Grinder is heavily wounded.
Grinder says, "Tell me all your secrets, or I'll kill you."
Grinder hits you!
You die...

.... ########### ....
#.........# .....
#.........# .....
#.......†.# ......
#.(....)@.#####......
.......5).'..........
#.$.....[.###.######
##########.....#####
#...........
#...........
#..)........
#...........
#.....######..


You could see Grinder.

Vanquished Creatures
  Jessica (D:3)
  A worker ant (D:3)
  An adder (D:2)
  4 worms
  4 leopard geckos
  An orc (D:3)
  4 giant cockroaches
  6 goblins
  3 hobgoblins
  4 jackals (D:2)
  3 quokkas (D:2)
  6 bats
  2 frilled lizards (D:1)
  11 kobolds
  7 rats
58 creatures vanquished.

Notes
Turn   | Place    | Note
-------+----------+-------------------------------------------
     0 | Abyss:1  | Goboxel the Demonspawn Abyssal Knight began the quest for the Orb.
     0 | Abyss:1  | Reached XP level 1. HP: 18/18 MP: 2/2
     0 | D:1      | Escaped the Abyss
   145 | D:1      | Reached * piety under Lugonu
   385 | D:1      | Reached skill level 1 in Dodging
   385 | D:1      | Gained mutation: You regenerate a little health from kills. [demonic ancestry]
   385 | D:1      | Reached XP level 2. HP: 11/24 MP: 3/3
   986 | D:2      | Reached XP level 3. HP: 22/29 MP: 4/4
  1073 | D:2      | Reached ** piety under Lugonu
  1089 | D:2      | Found a basalt altar of Yredelemnul.
  2103 | D:2      | Gained mutation: Your flesh is cold resistant. (rC+) [demonic ancestry]
  2103 | D:2      | Reached XP level 4. HP: 35/37 MP: 5/5
  2383 | D:3      | Reached skill level 4 in Fighting
  2491 | D:3      | Noticed Jessica
  2494 | D:3      | Noticed Grinder
  2513 | D:3      | Killed Jessica
  2517 | D:3      | Paralysed by Grinder for 2 turns
  2533 | D:3      | Paralysed by Grinder for 5 turns
  2544 | D:3      | Slain by Grinder

Skill      XL: |  1  2  3  4 |
---------------+-------------+-----
Axes           | 2 3 |  3.3
Dodging        | 1 |  1.6
Fighting       | 4 |  4.1
Armour         | |  1.7
Invocations    | |  2.7

Action                   |  1- 3 |  4- 6 || total
-------------------------+-------+-------++-------
Melee: Hand axe          |   194 |    47 ||   241
Invok: Depart the Abyss  |     1 |       ||     1
       Bend Space        |     5 |     5 ||    10
  Use: Scroll            |     2 |     4 ||     6
       Potion            |     1 |     3 ||     4
 Stab: Sleeping          |     1 |       ||     1
  Eat: Chunk             |     4 |     1 ||     5
Armor: Leather armour    |    49 |    15 ||    64
Dodge: Dodged            |   122 |    28 ||   150
